 Dungeon Crawl Stone Soup version 0.20.1-1-g8b1a95d (webtiles) character file.

171 Akron the Sneak (level 5, 0/31 HPs)
             Began as a Deep Elf Fighter on Sept 17, 2017.
             Succumbed to an adder's poison
             ... on level 3 of the Dungeon.
             The game lasted 00:21:53 (2245 turns).

Akron the Sneak (Deep Elf Fighter)                  Turns: 2245, Time: 00:21:54

Health: 0/31       AC:  8    Str: 15    XL:     5   Next: 26%
Magic:  7/7        EV: 10    Int: 13    God:    Xom [..*...]
Gold:   119        SH:  8    Dex: 15    Spells: 4/4 levels left

rFire    x . .     SeeInvis .   a - +0 flail
rCold    . . .     Gourm    .   c - +0 shield
rNeg     + . .     Faith    .   d - +0 ring mail
rPois    .         Spirit   .   e - +0 helmet "Kassa" {+Blink rElec rF- rN+}
rElec    +         Reflect  .   (no cloak)
rCorr    .         Harm     .   l - +1 pair of gloves
MR       .....                  (no boots)
Stlth    ++........             (no amulet)
Regen    0.1/turn               (no ring)
MPRegen  0.1/turn               (no ring)

@: lethally poisoned (0 -> -5)
A: strong 1, MP-powered wands
a: Renounce Religion, Evoke Blink


You were on level 3 of the Dungeon.
You worshipped Xom.
You were a toy of Xom.
You were not hungry.

You visited 1 branch of the dungeon, and saw 3 of its levels.

You collected 119 gold pieces.

Inventory:

Hand Weapons
 a - a +0 flail (weapon)
Missiles
 k - 50 bolts
Armour
 b - a +0 scale mail
 c - a +0 shield (worn)
 d - a +0 ring mail (worn)
 e - the +0 helmet "Kassa" (worn) {+Blink rElec rF- rN+}
   (You took it off Robin on level 3 of the Dungeon)

   It makes you vulnerable to fire.
   It insulates you from electricity.
   It protects you from negative energy.
   It lets you blink.
 l - a +1 pair of gloves (worn)
Scrolls
 h - a scroll of recharging
Comestibles
 f - 2 bread rations
 g - 15 chunks of flesh
 i - a royal jelly


   Skills:
 - Level 2.4 Fighting
 - Level 1.3 Maces & Flails
 - Level 2.4 Armour
 - Level 4.0 Dodging
 + Level 4.7 Stealth
 - Level 2.4 Shields


You had 4 spell levels left.
You didn't know any spells.

Dungeon Overview and Level Annotations

Branches:
Dungeon (3/15)

Altars:
Xom


Innate Abilities, Weirdness & Mutations

Your muscles are strong. (Str +2)
You expend magic power (3 MP) to strengthen your wands.


Message History

* * * LOW HITPOINT WARNING * * *
You are lethally poisoned!
The adder poisons you!
You aren't carrying any potions.
You hit the adder.
You kill the adder!
* * * LOW HITPOINT WARNING * * *
You feel sick.
You see here an adder corpse.
* * * LOW HITPOINT WARNING * * *
You feel sick.
* * * LOW HITPOINT WARNING * * *
You feel sick.
You see here a viscous purple potion.
j - a viscous purple potion
* * * LOW HITPOINT WARNING * * *
You feel sick.
It was a potion of magic.
Magic courses through your body.
You die...
Xom howls with laughter!

#.#..#######.####
#.#..# #..)g.).#
#.#..####<##.##.#
#.#.......##.##.#
#.#.####†#.#.##.# ##
##.#†###.###......
#...###...$.....#
..##.#
#.........####.#####.#
...###@##...... ...
#.##.##### #S# r
#.##.# #.# #.##.#
#.##.# #.# .# ..# ###


There were no monsters in sight!

Vanquished Creatures
  An orc priest (D:3)
  Robin (D:3)
  6 adders
  2 oozes
  A worm (D:2)
  A leopard gecko (D:2)
  3 orcs (D:3)
  A giant cockroach (D:2)
  10 hobgoblins
  3 jackals (D:2)
  A quokka (D:3)
  3 ball pythons
  3 bats
  2 frilled lizards (D:2)
  16 goblins
  3 kobolds
  3 rats
60 creatures vanquished.

Notes
Turn   | Place    | Note
-------+----------+-------------------------------------------
     0 | D:1      | Akron the Deep Elf Fighter began the quest for the Orb.
     0 | D:1      | Reached XP level 1. HP: 13/13 MP: 3/3
     0 | D:1      | Hand Crossbow
    92 | D:1      | Reached skill level 1 in Stealth
   208 | D:1      | Reached skill level 1 in Dodging
   285 | D:1      | Reached XP level 2. HP: 17/18 MP: 4/4
   865 | D:2      | Reached XP level 3. HP: 21/22 MP: 5/5
  1157 | D:2      | Found a faded altar of an unknown god.
  1185 | D:2      | Became a worshipper of Xom of Chaos
  1229 | D:2      | XOM: potion effect (haste)
  1565 | D:2      | XOM: silly message
  1638 | D:2      | XOM: harmless Tmut miscast
  1783 | D:2      | Reached XP level 4. HP: 27/27 MP: 6/6
  2083 | D:3      | Noticed Robin
  2139 | D:3      | Gained mutation: You expend magic power (3 MP) to strengthen your wands. [potion of mutation]
  2139 | D:3      | Gained mutation: Your muscles are strong. (Str +2) [potion of mutation]
  2165 | D:3      | XOM: smoke on damage
  2194 | D:3      | Killed Robin
  2194 | D:3      | Reached XP level 5. HP: 17/31 MP: 7/7
  2199 | D:3      | XOM: noise
  2212 | D:3      | Got a dazzling helmet
  2224 | D:3      | Identified the +0 helmet "Kassa" {+Blink rElec rF- rN+} (You took it off Robin on level 3 of the Dungeon)
  2235 | D:3      | XOM: divination: detect creatures
  2244 | D:3      | HP: 1/31 [poisoned by an adder]
  2245 | D:3      | Succumbed to an adder's poison

Skill      XL: |  1  2  3  4 |
---------------+-------------+-----
Stealth        | 1 2 3 4 |  4.7
Dodging        | 1 2 3 4 |  4.0
Fighting       | |  2.4
Maces & Flails | |  1.3
Armour         | |  2.4
Shields        | |  2.4

Action                   |  1- 3 |  4- 6 || total
-------------------------+-------+-------++-------
Melee: Flail             |   168 |    80 ||   248
  Use: Potion            |     5 |     2 ||     7
       Scroll            |     4 |       ||     4
 Stab: Sleeping          |     1 |     2 ||     3
       Distracted        |       |     1 ||     1
  Eat: Chunk             |     3 |     2 ||     5
Armor: Scale mail        |    39 |       ||    39
       Ring mail         |    48 |    29 ||    77
Dodge: Dodged            |    63 |    29 ||    92
Block: Shield            |    90 |    29 ||   119
